 Dungeon Crawl Stone Soup version 0.29.1-15-g9cfb28693d (webtiles) character file.

Game seed: 16345247053013114909

18861 croobank the Covert (level 12, -3/81 HPs)
             Began as an Octopode Delver on Feb 25, 2023.
             Was an Initiate of Gozag.
             Slain by a reaper
             ... wielding a +2 scythe of freezing
              (29 damage)
             ... in an ice cave on Feb 26, 2023.
             The game lasted 01:19:32 (19488 turns).

croobank the Covert (Octopode Delver)              Turns: 19488, Time: 01:19:33

Health: -3/81      AC:  5    Str: 17    XL:     12   Next: 62%
Magic:  0/31       EV: 18    Int: 17    God:    Gozag
Gold:   305        SH: 12    Dex: 26    Spells: 12/24 levels left

rFire   x . .      SeeInvis .   G - +8 morningstar (chaos)
rCold   + . .      Faith    .   n - +1 kite shield
rNeg    . . .      Spirit   +   (helmet restricted)
rPois   .          Reflect  .   K - amulet of guardian spirit
rElec   .          Harm     .   l - ring "Reaclis" {MP+9 Dex+6}
rCorr   .          Rampage  .   d - ring of wizardry
Will    .....                   t - +6 ring of strength
Stlth   +++++++...              y - +6 ring of dexterity
HPRegen 0.23/turn               Q - +4 ring of protection
MPRegen 0.22/turn               Z - ring of ice
                                (no ring)
                                (no ring)

@: no status effects
A: almost no armour, amphibious, 8 rings, camouflage 1, gelatinous body 1,
(nimble swimmer 1), tentacles
a: Renounce Religion, Potion Petition, Call Merchant, Bribe Branch


You were in an ice cave.
You worshipped Gozag.
Gozag was aware of your devotion.
You visited 3 branches of the dungeon, and saw 14 of its levels.
You also visited: Ice Cave.

You collected 2350 gold pieces.
You spent 824 gold pieces at shops.
You paid 1221 gold pieces to Gozag.

Inventory:

Hand Weapons
 a - a +2 war axe
 g - the +1 dagger "Kiteyny" {elec, *Slow rF+ Int+2}
   (You found it on level 5 of the Dungeon)

   It occasionally discharges a powerful burst of electricity upon striking a
   foe.
   Int:       It affects your intelligence (+2).
   rF:        It protects you from fire.
   *Slow:     It may slow you when you take damage.
 o - a +2 vorpal spear
 s - a +1 mace of holy wrath
 x - a +0 broad axe
 D - a +3 trident of freezing
 G - a +8 morningstar of chaos (weapon)
 J - a +6 flail
Missiles
 B - 38 poisoned darts (quivered)
 M - 2 curare-tipped darts
Armour
 n - a +1 kite shield (worn)
Magical Staves
 T - a staff of conjuration
Jewellery
 d - a ring of wizardry (right tentacle)
 l - the ring "Reaclis" (left tentacle) {MP+9 Dex+6}
   (You acquired it on level 8 of the Dungeon)

   [ring of magical power]

   Dex:       It affects your dexterity (+6).
   MP:        It affects your magic capacity (+9).
 t - a +6 ring of strength (on tentacle)
 y - a +6 ring of dexterity (on tentacle)
 K - an amulet of guardian spirit (around mantle)
 Q - a +4 ring of protection (on tentacle)
 Z - a ring of ice (on tentacle)
Wands
 f - a wand of digging (2)
 I - a wand of quicksilver (7)
 U - a wand of paralysis (7)
 W - a wand of iceblast (3)
 X - a wand of polymorph (6)
Scrolls
 b - 3 scrolls of fog
 c - 3 scrolls of magic mapping
 h - 7 scrolls of teleportation
 i - 2 scrolls of noise
 j - 2 scrolls of summoning
 p - a scroll of immolation
 q - a scroll of fear
 r - a scroll of amnesia
 H - a scroll of poison
 Y - 4 scrolls of blinking
Potions
 e - a potion of haste
 k - 2 potions of curing
 m - 2 potions of brilliance
 u - 2 potions of flight
 v - 3 potions of mutation
 w - 2 potions of ambrosia
 z - a potion of invisibility
 A - 2 potions of might
 O - a potion of cancellation
 P - a potion of lignification
 S - 3 potions of heal wounds
 V - a potion of berserk rage {unknown}


   Skills:
 - Level 7.6 Fighting
 - Level 4.0(4.5) Axes
 + Level 3.2(4.2) Maces & Flails
 - Level 7.2 Dodging
 - Level 11.8 Stealth
 + Level 3.2 Shields
 + Level 6.8 Spellcasting
 - Level 5.0 Hexes
 - Level 8.8 Summonings
 - Level 4.0 Ice Magic
 - Level 8.1 Air Magic


You had 12 spell levels left.
You knew the following spells:

 Your Spells              Type           Power      Damage    Failure   Level
a - Ensorcelled Hibernat  Hex/Ice        62%        N/A       3%          2
c - Call Canine Familiar  Summ           35%        N/A       1%          3
d - Summon Guardian Gole  Hex/Summ       29%        N/A       2%          3
e - Summon Lightning Spi  Summ/Air       34%        N/A       4%          4

Your spell library contained the following spells:

 Spells                   Type           Power      Damage    Failure   Level
 Summon Small Mammal      Summ           100%       N/A       1%          1
 Swiftness                Air            33%        N/A       1%          3
 Shock                    Conj/Air       76%        1d7       2%          1
 Airstrike                Air            16%        2d(3-19)  5%          4
 Sublimation of Blood     Necr           5%         N/A       22%         2
 Spider Form              Tmut/Pois      5%         N/A       38%         3
 Anguish                  Hex/Necr       7%         N/A       45%         4
 Lightning Bolt           Conj/Air       9%         1d22      56%         5
 Dispel Undead            Necr           5%         3d7       78%         4
 Petrify                  Tmut/Erth      5%         N/A       78%         4
 Irradiate                Conj/Tmut      2%         3d12      98%         5
 Death Channel            Necr           2%         N/A       100%        6
 Chain Lightning          Conj/Air       9%         3d12      100%        9
 Fire Storm               Conj/Fire      2%         8d1       100%        9
 Shatter                  Erth           2%         3d6*      100%        9
 Corpse Rot               Necr/Pois/Air  Unusable   N/A       N/A         4

Dungeon Overview and Level Annotations

Branches:
Dungeon (11/15)            Temple (1/1) D:7            Lair (2/5) D:9
 Shoals (0/4) Lair:2       Spider (0/4) Lair:2          Orc (0/2) D:10
  IceCv (1/1)

Altars:
Ashenzari
Cheibriados
Dithmenos
Elyvilon
Fedhas
Gozag
Hepliaklqana
Kikubaaqudgha
Makhleb
Nemelex Xobeh
Okawaru
Qazlal
Ru
Sif Muna
Trog
Uskayaw
Vehumet
Wu Jian
Xom
Yredelemnul
Zin
The Shining One

Shops:
Lair:2 *=

Annotations:
D:11 Erolcha


Innate Abilities, Weirdness & Mutations

You cannot wear most types of armour.
You are amphibious.
You can wear up to eight rings at the same time.
Your skin changes colour to match your surroundings (Stealth+).
Your rubbery body absorbs attacks. (AC +1, EV +1)
((You are camouflaged when in or above water. (Stealth+)))
You have tentacles for arms and can constrict up to eight enemies at once.


Message History

Your guardian golem disappears in a puff of smoke!
You feel yourself slow down.
You start resting.
Magic restored.
You start resting.
A reaper is nearby!
Casting: Summon Guardian Golem (mildly dangerous; 2% risk of failure)
Confirm with . or Enter, or press ? or * to list all spells.
A guardian golem appears, shielding your allies.
The reaper smiles without lips.
Throw: throwing net
Press: ? - help, Q - select action, (/) - cycle Shift-Dir - straight line, f - reaper
Aim: a reaper, wielding a +2 scythe of freezing (ally target, 68% to hit)
You throw a throwing net. The throwing net hits the reaper.
The reaper is caught in the net!
The reaper struggles against the net.
The reaper struggles against the net.
You catch the helpless reaper completely off-guard!
You puncture the reaper! You burn the reaper. You grab the reaper.
The reaper is lightly wounded.
You constrict the reaper, but do no damage.
The reaper struggles against the net.
You sock the reaper!
The reaper seems to speed up.
The reaper is moderately wounded.
You constrict the reaper.
The reaper struggles against the net. x2
The net rips apart, and the reaper comes free!
You bludgeon the reaper!! You burn the reaper!
The reaper is severely wounded.
You constrict the reaper.
The reaper shouts, "Die, croobank!"
The reaper hits you with a +2 scythe of freezing!!
The reaper freezes you.
The reaper hits you with a +2 scythe of freezing!!
The reaper freezes you.
Casting: Summon Guardian Golem (mildly dangerous; 2% risk of failure)
Confirm with . or Enter, or press ? or * to list all spells.
An electric hum fills the air.
You constrict the reaper.
The reaper hits you with a +2 scythe of freezing!!!
You die...
Your body crumbles into a pile of gold.

#...#.#...#.#...#
#'###'#...#'###'#
#.#.'.......'.#.#
#.###.8...8.###.#
#.#.'.......'.#.#
#.###.8...8.###.#
#.'......8....'.#
#.###.8...8.###.#
#.#.'..@....'.#.#
#.###.829.8.###.#
#.#.'.......'.#.#
#'######'######'#
#...............#
####8.#####.8####
##.#:.?#.##
#.#.⌠?#.#
#9#)2)#.#


You could see a reaper (fast, ally target), a friendly guardian golem (summoned)
and a friendly lightning spire (summoned).

Vanquished Creatures
  A black mamba (Lair:1)
  2 ice statues (IceCv)
  2 komodo dragons
  An anaconda simulacrum (IceCv)
  A troll (D:6)
  A polar bear (Lair:2)
  A wyvern (D:9)
  A basilisk (Lair:2)
  Grum (D:8)
  A warg (D:10)
  A harpy simulacrum (IceCv)
  An orc warrior (D:9)
  A nameless horror (D:8)
  2 black bears
  An ogre (D:6)
  4 wolves
  2 centaurs
  2 kobold brigands
  2 bullfrogs
  2 scorpions (D:5)
  5 wights (D:4)
  2 killer bees (D:10)
  3 electric eels
  A crimson imp (D:9)
  3 hounds
  A jelly (D:5)
  2 orc priests
  Jessica (D:3)
  4 iguanas
  4 orc wizards
  12 gnolls
  11 adders
  2 white imps
  An ufetubus (D:6)
  A worm (D:4)
  2 dart slugs
  17 orcs
  4 bats
  2 endoplasms
  6 giant cockroaches
  5 goblins
  6 hobgoblins
  8 jackals
  2 quokkas
  8 ball pythons
  2 frilled lizards (D:1)
  14 kobolds
  5 rats
164 creatures vanquished.

Vanquished Creatures (collateral kills)
  Lodul (D:10)
  An elephant (Lair:1)
  A merfolk siren (Lair:2)
  A komodo dragon (Lair:2)
  Psyche (D:8)
  3 ice devils (IceCv)
  An anaconda simulacrum (IceCv)
  A polar bear (Lair:2)
  A merfolk (Lair:2)
  A yak (D:9)
  2 dire elephant simulacra (IceCv)
  A shadow (D:10)
  A wyvern (D:10)
  A basilisk (Lair:2)
  2 steam dragons
  A harpy simulacrum (IceCv)
  A hydra simulacrum (IceCv)
  A water moccasin (Lair:1)
  A black bear (D:7)
  2 orc warriors
  3 ogres (D:10)
  8 wolves
  A centaur (D:8)
  3 bullfrogs
  A cane toad simulacrum (Lair:2)
  3 killer bees
  A howler monkey (D:10)
  3 crimson imps (D:9)
  A jelly (D:8)
  2 orc priests
  A gnoll bouda (D:7)
  An iguana (D:7)
  5 orc wizards
  2 polar bear simulacra (IceCv)
  2 wolf simulacra
  7 gnolls
  A naga simulacrum (IceCv)
  An ufetubus (IceCv)
  5 orcs
76 creatures vanquished.

Vanquished Creatures (others)
  A two-headed ogre (D:7)
  An elephant (Lair:2)
  A black mamba (Lair:1)
  A merfolk siren (Lair:2)
  2 cane toads
  2 ice devils (IceCv)
  An unseen horror (D:8)
  A rime drake (Lair:1)
  3 komodo dragons
  2 dire elephant simulacra (IceCv)
  2 yaks (D:9)
  2 steam dragons
  A warg (D:10)
  Edmund (D:5)
  A harpy simulacrum (IceCv)
  2 water moccasins (Lair:1)
  An orc warrior (D:6)
  A black bear (D:8)
  An ice beast (D:8)
  3 ogres (D:10)
  6 wolves (Lair:1)
  A centaur (D:6)
  A nameless horror (IceCv)
  A gnoll sergeant (D:10)
  A cane toad simulacrum (Lair:2)
  7 killer bees
  2 jellies
  A hound (D:6)
  4 gnolls
  A white imp (D:7)
  An orc (D:6)
  6 fungi
  23 plants
85 creatures vanquished.

Grand Total: 325 creatures vanquished

Notes
Turn   | Place    | Note
-------+----------+-------------------------------------------
     0 | D:5      | croobank the Octopode Delver began the quest for the Orb.
     0 | D:5      | Reached XP level 1. HP: 16/16 MP: 1/1
     2 | D:6      | Noticed a centaur
    12 | D:5      | Identified the +1 dagger "Kiteyny" {elec, *Slow rF+ Int+2}
    14 | D:5      | Noticed an iguana
    16 | D:5      | Killed an iguana
    17 | D:5      | Reached XP level 2. HP: 21/21 MP: 2/2
    17 | D:5      | Reached XP level 3. HP: 26/26 MP: 3/3
    24 | D:5      | Reached skill level 7 in Stealth
    56 | D:4      | Reached XP level 4. HP: 31/31 MP: 4/4
   123 | D:3      | Found a blossoming altar of Fedhas.
   758 | D:1      | You fall into a shaft and drop 1 floor!
   904 | D:1      | Found a faded altar of an unknown god.
   978 | D:1      | Learned a level 2 spell: Ensorcelled Hibernation
  1444 | D:2      | Reached XP level 5. HP: 37/37 MP: 5/5
  1738 | D:3      | Found a white marble altar of Elyvilon.
  1914 | D:3      | Reached skill level 1 in Spellcasting
  2214 | D:3      | Found a burning altar of Makhleb.
  2453 | D:3      | Reached skill level 1 in Hexes
  2457 | D:3      | Noticed Jessica
  2469 | D:3      | Killed Jessica
  2604 | D:3      | Reached XP level 6. HP: 43/43 MP: 7/7
  2875 | D:4      | Found a snail-covered altar of Cheibriados.
  2886 | D:4      | Found a glowing golden altar of the Shining One.
  2893 | D:4      | Reached skill level 1 in Ice Magic
  3819 | D:4      | Found a sacrificial altar of Ru.
  3997 | D:4      | Reached XP level 7. HP: 29/48 MP: 9/9
  4288 | D:4      | Found an ancient bone altar of Kikubaaqudgha.
  4288 | D:4      | Found a shadowy altar of Dithmenos.
  4646 | D:4      | Learned a level 3 spell: Summon Guardian Golem
  4752 | D:5      | Reached skill level 8 in Stealth
  4888 | D:5      | Reached skill level 1 in Summonings
  4894 | D:5      | Noticed Edmund
  4907 | D:5      | Killed Edmund
  4924 | D:5      | Reached XP level 8. HP: 46/54 MP: 11/11
  5838 | D:6      | Reached skill level 5 in Fighting
  5863 | D:6      | HP: 2/55 [centaur (5)]
  6267 | D:6      | Learned a level 4 spell: Summon Lightning Spire
  6434 | D:6      | Reached skill level 1 in Air Magic
  6434 | D:6      | Reached XP level 9. HP: 24/61 MP: 11/13
  6532 | D:6      | Reached skill level 9 in Stealth
  6829 | D:6      | Noticed a troll
  6844 | D:6      | Killed a troll
  7168 | D:6      | Learned a level 3 spell: Call Canine Familiar
  7979 | D:7      | Found an iron altar of Okawaru.
  7995 | D:7      | Noticed a two-headed ogre
  8008 | D:7      | Killed a two-headed ogre
  8009 | D:7      | Reached skill level 5 in Dodging
  8256 | D:7      | Found a staircase to the Ecumenical Temple.
  8265 | Temple   | Entered the Ecumenical Temple
  8356 | Temple   | Became a worshipper of Gozag Ym Sagoz the Greedy
  9109 | D:8      | Noticed Grum
  9112 | D:8      | Reached skill level 5 in Summonings
  9116 | D:8      | Killed Grum
  9126 | D:8      | Reached XP level 10. HP: 48/68 MP: 1/16
  9133 | D:8      | Killed an unseen horror
  9157 | D:8      | Noticed Psyche
 10186 | D:8      | Killed Psyche
 10187 | D:8      | Reached skill level 10 in Stealth
 10247 | D:8      | Identified a scroll of acquirement
 10247 | D:8      | Acquired the ring "Reaclis" {MP+9 Dex+6}
 11368 | D:9      | Reached skill level 5 in Air Magic
 11466 | D:9      | Found a shimmering altar of Xom.
 11901 | D:9      | Reached skill level 5 in Hexes
 12002 | D:9      | Found a staircase to the Lair.
 12306 | D:10     | Entered Level 10 of the Dungeon
 12333 | D:10     | Reached XP level 11. HP: 74/74 MP: 18/18
 12662 | D:10     | Found a staircase to the Orcish Mines.
 12683 | D:10     | Reached skill level 5 in Spellcasting
 12780 | D:10     | Noticed a rakshasa
 13831 | D:10     | Noticed Lodul
 13841 | D:10     | Killed Lodul
 14005 | D:11     | Noticed Erolcha
 14269 | D:10     | Reached skill level 11 in Stealth
 14541 | Lair:1   | Entered Level 1 of the Lair of Beasts
 16390 | Lair:1   | Reached XP level 12. HP: 65/81 MP: 10/20
 16817 | Lair:2   | Found a frozen archway.
 16843 | Lair:2   | Bought a potion of heal wounds for 65 gold pieces
 16843 | Lair:2   | Bought a potion of might for 52 gold pieces
 16843 | Lair:2   | Bought 3 scrolls of blinking for 292 gold pieces
 16843 | Lair:2   | Bought a potion of heal wounds for 65 gold pieces
 16845 | Lair:2   | Bought a ring of ice for 350 gold pieces
 16962 | IceCv    | Entered an ice cave
 17793 | IceCv    | Reached skill level 1 in Maces & Flails
 17793 | IceCv    | Reached skill level 1 in Shields
 19383 | IceCv    | Noticed a reaper
 19488 | IceCv    | Slain by a reaper

Illustrated notes

Levels and vault maps discovered:
D:1:      scummos_arrival_forest, layout_loops_ring,
          nicolae_ecumenical_lake_church, minmay_door_square
D:2:      layout_rooms, chequers_arboretum
D:3:      layout_basic, fedhas_altar_fruit_tree, elyvilon_altar_4,
          old_standard_altar, kennysheep_jessica_study
D:4:      layout_loops_cross, mainiacjoe_overflow_large_starburst,
          gammafunk_temple_overflow_elements, mainiacjoe_overflow_cross_hatched
D:5:      layout_basic, uniq_edmund
D:6:      layout_loops_ring, minmay_tree_intersection
D:7:      layout_loops_ring, okawaru_gym_becter,
          minmay_temple_entry_glassed_door
D:8:      layout_loops_ring, hangedman_abyss_or_decor_lesser_grid,
          hellmonk_bongcloud_opening, minivault_24,
          chequers_serial_rivers_micro_e, uniq_grum, uniq_psyche
D:9:      layout_gridville, led_xom_imps, david_lair_shrubbed
D:10:     minmay_inner_zag, layout_basic, minmay_orc_entry_guard_dogs,
          uniq_lodul
D:11:     layout_long_grid, chequers_serial_rivers_large_b, uniq_erolcha,
          uniq_fannar
Temple:   nicolae_temple_godzebo
Lair:1:   layout_layer_cave
Lair:2:   layout_gridlike, elwin_shoals_entry_stream, spider_nest_entry_rubble,
          portal_ice_cave_entry_ice_simulacra
IceCv:    ice_cave_tombish

Skill      XL: |  1  2  3  4  5  6  7  8  9 10 11 12 |
---------------+-------------------------------------+-----
Stealth        | 7 8 9 10 11 | 11.8
Dodging        | 3 4 5 6 7 |  7.2
Axes           | 3 4 |  4.0
Spellcasting   | 1 2 3 4 5 6 |  6.8
Hexes          | 1 2 3 4 5 |  5.0
Ice Magic      | 1 2 3 4 |  4.0
Fighting       | 4 5 6 7 |  7.6
Summonings     | 1 3 5 6 8 |  8.8
Air Magic      | 1 3 5 7 8 |  8.1
Maces & Flails | 3 |  3.2
Shields        | 3 |  3.2

Action                   |  1- 3 |  4- 6 |  7- 9 | 10-12 || total
-------------------------+-------+-------+-------+-------++-------
Melee: Dagger            |     5 |   137 |   143 |    75 ||   360
       Tentacles         |       |    31 |    27 |    31 ||    89
       Constrict         |       |    33 |    24 |    15 ||    72
       Punch             |       |     3 |       |     4 ||     7
       Spear             |       |       |     2 |       ||     2
       Morningstar       |       |       |       |    23 ||    23
Throw: Dart              |       |    15 |       |       ||    15
       Throwing net      |       |       |       |     1 ||     1
 Cast: Summon Guardian G |       |       |    18 |    66 ||    84
       Summon Lightning  |       |       |     8 |    70 ||    78
       Call Canine Famil |       |       |     6 |    47 ||    53
       Ensorcelled Hiber |       |       |     1 |     6 ||     7
Invok: Call Merchant     |       |       |       |     2 ||     2
Evoke: Wand              |       |       |     2 |     6 ||     8
  Use: Scroll            |       |     1 |     4 |    25 ||    30
       Potion            |       |       |     3 |     3 ||     6
 Stab: Sleeping          |     2 |    19 |    12 |    11 ||    44
       Distracted        |       |       |     3 |     1 ||     4
       Held in net/web   |       |       |       |     1 ||     1
Armor: Skin              |       |     4 |     6 |    14 ||    24
Dodge: Dodged            |     3 |    75 |   136 |   142 ||   356
Block: Kite shield       |       |       |       |    26 ||    26
